AoeStats
← drug god

Arabia

510721009Analyzed
1v1 RM · 10h ago on Oct 2, 2026· 33m 51s· 2 players
Game mode
Random Map
Map size
Tiny (2 player)
Population
200
Speed
Normal
Resources
Standard
Victory
Conquest
Starting age
Dark Age
Ending age
Imperial Age
RankedLock teamsTeams togetherTeam positionsShared explorationLock speedFull tech treeHidden civsTurbo modeCheats
Victory
Defeat
🇨🇳 Khmer · China
1100
+17
🇦🇺 Mongols · Australia
1116
-17
drug god
3:08 Loom
10:03 Feudal Age
14:57 Fletching
17:36 Padded Archer Armor
25:02 Castle Age
24:23 Double-Bit Axe
24:31 Gold Mining
24:24 Horse Collar
25:14 Crossbowman
25:51 Bodkin Arrow
27:36 Ballistics
30:55 Leather Archer Armor
32:24 Stone Mining
dragons_rock
8:50 Feudal Age
9:35 Feudal Age
10:37 Feudal Age
10:38 Man-at-Arms
11:20 Horse Collar
11:27 Double-Bit Axe
20:57 Castle Age
19:27 Loom
26:03 Padded Archer Armor
25:53 Elite Skirmisher
Connection lost

Rejoining the realm…

Still unreachable

The connection could not be restored.

Session expired

The server has moved on; the page needs a fresh start.